 Dungeon Crawl Stone Soup version 0.30-a0-937-ga0a21ad780 (webtiles) character file.

Game seed: 2164532020153033801

12314 senseless the Grappler (level 11, -16/113 HPs)
             Began as a Troll Berserker on Mar 24, 2023.
             Was an Elder of Trog.
             Demolished by a death knight
             ... wielding a +3 great mace
              (25 damage)
             ... on level 12 of the Dungeon.
             The game lasted 00:27:23 (9674 turns).

senseless the Grappler (Troll Berserker)            Turns: 9674, Time: 00:27:23

Health: -16/113    AC: 11    Str: 27    XL:     11   Next: 60%
Magic:  10/10      EV: 11    Int:  3    God:    Trog [****..]
Gold:   674        SH: 12    Dex: 11    Spells: 10/10 levels left

rFire   + . .      SeeInvis .      - Unarmed
rCold   . . .      Faith    .    m - +3 kite shield
rNeg    . . .      Spirit   .    L - +0 acid dragon scales
rPois   .          Reflect  .    (helmet restricted)
rElec   .          Rampage  .    l - +2 cloak {rCorr}
rCorr   +                        (gloves unavailable)
Will    +....                    (boots unavailable)
Stlth   +                        (no amulet)
HPRegen 1.18/turn                E - ring of willpower
MPRegen 0.12/turn                I - ring of protection from fire

@: on berserk cooldown, slowed, very slow
A: large, unfitting armour, claws 3, regeneration 1, shaggy fur 1, tough skin 1,
fangs 1, weak 1
a: Renounce Religion, Berserk, Trog's Hand, Brothers in Arms


You were on level 12 of the Dungeon.
You worshipped Trog.
Trog was greatly pleased with you.
You visited 1 branch of the dungeon, and saw 12 of its levels.
You also visited: Ossuary.

You collected 880 gold pieces.
You spent 206 gold pieces at shops.

Inventory:

Hand Weapons
 t - a +6 mace
 u - a +3 flail of freezing
 w - a +3 spear of venom
 y - the +1 hand axe of Haysk {freeze, Str+5}
   (You took it off Joseph on level 7 of the Dungeon)

   Str:       It affects your strength (+5).
Missiles
 j - 27 poisoned darts
 J - 5 javelins
Armour
 l - a +2 cloak of preservation (worn)
 m - a +3 kite shield (worn)
 L - +0 acid dragon scales (worn)
Jewellery
 E - a ring of willpower (left claw)
 H - a ring of positive energy
 I - a ring of protection from fire (right claw)
Wands
 f - a wand of quicksilver (14)
 i - a wand of roots (8)
 r - a wand of flame (14)
 v - a wand of polymorph (1)
 C - a wand of paralysis (17)
Scrolls
 c - a scroll of silence
 e - 2 scrolls of blinking
 B - a scroll of magic mapping
 D - 4 scrolls of identify
 F - a scroll of enchant weapon
 G - a scroll of teleportation
Potions
 b - 3 potions of haste
 d - 2 potions of curing
 g - 5 potions of resistance
 h - a potion of attraction
 k - a potion of flight
 n - a potion of heal wounds
 o - a potion of berserk rage
 p - 3 potions of brilliance
 q - a potion of cancellation
 s - a potion of ambrosia
 x - a potion of invisibility
 z - 2 potions of magic
 A - 4 potions of lignification
Miscellaneous
 K - a phantom mirror (inert) (quivered)


   Skills:
 + Level 8.7 Fighting
 + Level 8.7 Dodging
 + Level 7.2 Shields
 + Level 10.3 Unarmed Combat


You had 10 spell levels left.
You didn't know any spells.
Your spell library contained the following spells:

 Spells                   Type           Power      Damage    Failure   Level
 Kiss of Death            Conj/Necr      0%         2d5       83%         1
 Confusing Touch          Hex            0%         N/A       99%         3
 Dazzling Flash           Conj/Hex       0%         N/A       99%         3
 Dispel Undead            Necr           0%         3d6       100%        4
 Iskenderun's Mystic Bla  Conj/Tloc      0%         2d3       100%        4
 Starburst                Conj/Fire      0%         6d3       100%        6


Dungeon Overview and Level Annotations

Branches:
Dungeon (12/15)            Temple (0/1) D:7            Lair (0/5) D:9
Ossuary (visited)
    Orc: D:9-12

Altars:
Ashenzari
Cheibriados
Dithmenos
Fedhas
Gozag
Kikubaaqudgha
Makhleb
Nemelex Xobeh
Okawaru
Uskayaw
Wu Jian
Xom
Yredelemnul
Zin

Shops:
D:2 (   D:3 *   D:4 *[(!   D:8 !   D:9 ?


Innate Abilities, Weirdness & Mutations

You are too large for most types of armour.
You have claws for hands.
Your natural rate of healing is unusually fast.
You are covered in fur. (AC +1)
You have tough skin. (AC +1)
You have very sharp teeth.
You are weak. (Str -2)


Message History

You block the freezing wraith's attack.
The freezing wraith hits you but does no damage.
You mangle the death knight!!
The death knight is moderately wounded.
The death knight reflects your damage back at you!
The death knight's dark mirror aura disappears.
The freezing wraith hits you but does no damage.
The freezing wraith misses you.
The death knight hits you with a +3 great mace.
You scratch the freezing wraith but do no damage.
You are no longer berserk.
You are exhausted.
You feel as though you will be slow longer.
The freezing wraith hits you but does no damage.
The freezing wraith closely misses you.
The death knight hits you with a +3 great mace!!
The skeletal warrior hits you with a +0 short sword!
The skeletal warrior attacks as you move away!
You block the skeletal warrior's attack.
The skeletal warrior attacks as you move away!
You block the skeletal warrior's attack.
The skeletal warrior hits you with a +0 short sword.
The freezing wraith hits you. The freezing wraith freezes you!!
The freezing wraith hits you. The freezing wraith drains your vigour!
You feel as though you will be slow longer.
The skeletal warrior attacks as you move away!
The skeletal warrior hits you but does no damage.
The death knight calls down the wrath of Yredelemnul upon you.
You resist with some effort.
There is a stone staircase leading up here.
You block the skeletal warrior's attack.
The death knight hits you with a +3 great mace!!
* * * LOW HITPOINT WARNING * * *
You block the skeletal warrior's attack.
You block the freezing wraith's attack. The freezing wraith hits you!
* * * LOW HITPOINT WARNING * * *
The freezing wraith drains your vigour!
You feel as though you will be slow longer.
The death knight hits you with a +3 great mace!!
You die...

#.##. ......
###.......
#.........
##.........
###..........
#..W.........
##@z.........
#..p.....(...
#............
#.##.........
###.#.#......
##.##...... .
..... ##
..... ##..


You could see a death knight, a skeletal warrior and a freezing wraith.

Vanquished Creatures
  4 two-headed ogres
  2 ugly things (D:11)
  The ghost of theswoord the Spear-Bearer, a novice GrBe of Trog (D:6)
  Joseph (D:7)
  A gargoyle (D:12)
  A kobold demonologist (D:12)
  4 trolls
  A hornet (D:7)
  Grinder (D:3)
  Sigmund (D:3)
  3 wyverns
  2 shadows
  3 yaks (D:11)
  2 vampires
  A wraith (D:12)
  2 vampire mosquitoes (D:12)
  Menkaure (D:6)
  An acid dragon (D:11)
  A water moccasin (D:7)
  7 orc warriors
  2 black bears
  3 ice beasts
  8 centaurs
  3 phantoms
  2 kobold brigands
  2 elf zombies (Ossuary)
  4 bullfrogs
  2 gnoll sergeants
  2 scorpions (D:6)
  3 wights (D:6)
  4 electric eels (D:7)
  A howler monkey (D:9)
  2 centaur zombies (Ossuary)
  2 hounds (D:5)
  Crazy Yiuf (D:3)
  A human zombie (Ossuary)
  5 orc priests
  2 jellies
  2 sleepcaps
  4 iguanas
  Terence (D:3)
  16 orc wizards
  2 hound zombies (Ossuary)
  3 mummies (Ossuary)
  6 adders
  12 gnolls
  A shadow imp (D:4)
  3 white imps
  4 ufetubi
  5 adder zombies (Ossuary)
  3 worms
  A dart slug (D:2)
  28 orcs
  A bat (D:1)
  4 endoplasms
  2 giant cockroaches (D:1)
  3 goblins
  9 hobgoblins
  4 jackals (D:4)
  4 quokkas
  6 ball pythons
  4 frilled lizards
  2 gnoll zombies (Ossuary)
  2 goblin zombies (Ossuary)
  4 hobgoblin zombies (Ossuary)
  4 jackal zombies (Ossuary)
  15 kobolds
  2 kobold zombies (Ossuary)
  2 orc zombies (Ossuary)
  2 quokka zombies (Ossuary)
  2 rats
  5 rat zombies (Ossuary)
257 creatures vanquished.

Vanquished Creatures (others)
  A human (D:9)
  A demonic plant (D:4)
  16 plants
18 creatures vanquished.

Grand Total: 275 creatures vanquished

Notes
Turn   | Place    | Note
-------+----------+-------------------------------------------
     0 | D:1      | senseless the Troll Berserker began the quest for the Orb.
     0 | D:1      | Reached XP level 1. HP: 22/22 MP: 0/0
   171 | D:1      | Reached XP level 2. HP: 27/29 MP: 1/1
   437 | D:2      | Found a faded altar of an unknown god.
   483 | D:2      | Reached XP level 3. HP: 36/36 MP: 2/2
   639 | D:2      | Found Othuh's Antique Weapon Boutique.
   712 | D:2      | Reached ** piety under Trog
   942 | D:3      | Noticed Grinder
   944 | D:3      | Paralysed by Grinder for 4 turns
   956 | D:3      | Paralysed by Grinder for 2 turns
   964 | D:3      | Killed Grinder
   965 | D:3      | Reached skill level 4 in Unarmed Combat
   965 | D:3      | Reached XP level 4. HP: 11/48 MP: 3/3
   965 | D:3      | Reached XP level 5. HP: 13/54 MP: 4/4
  1037 | D:3      | Noticed Sigmund
  1042 | D:3      | Killed Sigmund
  1043 | D:3      | Reached XP level 6. HP: 40/62 MP: 5/5
  1115 | D:3      | Found Koschimp's General Store.
  1122 | D:3      | Bought a potion of mutation for 88 gold pieces
  1122 | D:3      | Bought a scroll of identify for 22 gold pieces
  1129 | D:3      | Gained mutation: Your flesh is cold resistant. (rC+)
                  | [potion of mutation]
  1129 | D:3      | Lost mutation: Your flesh is cold resistant. (rC+) [potion
                  | of mutation]
  1129 | D:3      | Gained mutation: Potions are less effective at restoring
                  | your health. [potion of mutation]
  1201 | D:3      | Noticed Terence
  1206 | D:3      | Killed Terence
  1207 | D:3      | Reached skill level 5 in Unarmed Combat
  1416 | D:3      | Found a runed translucent door.
  1417 | D:3      | Noticed Crazy Yiuf
  1525 | D:3      | Killed Crazy Yiuf
  1599 | D:4      | Found Sulatosi's Antique Armour Shop.
  1599 | D:4      | Found Ymulaneu's Distillery.
  1599 | D:4      | Found Dapic Cao's General Store.
  1675 | D:4      | Found Uzxumue's Antique Weapon Shop.
  1767 | D:4      | Found an ornate altar of the Wu Jian Council.
  1830 | D:4      | Reached XP level 7. HP: 65/71 MP: 6/6
  1941 | D:4      | Found a burning altar of Makhleb.
  2277 | D:5      | Entered Level 5 of the Dungeon
  2279 | D:5      | Found a sand-covered staircase.
  2288 | Ossuary  | Entered an ossuary
  2301 | Ossuary  | Reached *** piety under Trog
  2442 | Ossuary  | Reached skill level 5 in Fighting
  2450 | Ossuary  | Reached skill level 6 in Unarmed Combat
  2517 | Ossuary  | Reached skill level 5 in Dodging
  2528 | Ossuary  | Reached XP level 8. HP: 76/80 MP: 7/7
  2810 | D:5      | Reached **** piety under Trog
  2919 | D:5      | Found a basalt altar of Yredelemnul.
  2919 | D:5      | Found a hide-covered altar of Uskayaw.
  2919 | D:5      | Found a blossoming altar of Fedhas.
  3651 | D:6      | Reached skill level 1 in Shields
  3704 | D:6      | Found a glowing silver altar of Zin.
  3704 | D:6      | Found a shimmering altar of Xom.
  3705 | D:6      | Found a shadowy altar of Dithmenos.
  3865 | D:6      | Reached skill level 7 in Unarmed Combat
  3876 | D:6      | Reached XP level 9. HP: 11/89 MP: 8/8
  4010 | D:6      | Found a runed translucent gate.
  4010 | D:6      | Found a runed translucent gate.
  4010 | D:6      | Found an opulent altar of Gozag.
  4010 | D:6      | Found a runed translucent gate.
  4069 | D:6      | Noticed Menkaure
  4091 | D:6      | Killed Menkaure
  4277 | D:6      | Found a sparkling altar of Nemelex Xobeh.
  4362 | D:6      | Noticed theswoord's ghost (novice GrBe)
  4460 | D:6      | Identified the +3 leather armour "Zemyimmi" {Int+4}
  4666 | D:6      | Killed theswoord's ghost
  4713 | D:7      | Found a staircase to the Ecumenical Temple.
  4820 | D:7      | Reached skill level 8 in Unarmed Combat
  4887 | D:7      | Found a broken altar of Ashenzari.
  4905 | D:7      | Identified the +1 hand axe of Haysk {freeze, Str+5}
  4905 | D:7      | Noticed Joseph
  4962 | D:7      | Killed Joseph
  5050 | D:7      | HP: 1/138 [hornet (10)]
  5142 | D:7      | Found an iron altar of Okawaru.
  5314 | D:7      | Reached XP level 10. HP: 91/102 MP: 9/9
  5742 | D:7      | HP: 5/102 [poisoned by an orc warrior]
  5959 | D:8      | Found Cuont's Distillery.
  6110 | D:4      | Bought a potion of mutation for 96 gold pieces
  6110 | D:4      | Lost mutation: Potions are less effective at restoring your
                  | health. [potion of mutation]
  6110 | D:4      | Gained mutation: You have very sharp teeth. [potion of
                  | mutation]
  6110 | D:4      | Gained mutation: You are weak. (Str -2) [potion of
                  | mutation]
  6370 | D:8      | Reached skill level 5 in Shields
  6895 | D:9      | Found a snail-covered altar of Cheibriados.
  6963 | D:9      | Found an ancient bone altar of Kikubaaqudgha.
  6971 | D:9      | Found Saoliqu's Magic Scroll Shoppe.
  7072 | D:9      | Reached ***** piety under Trog
  7087 | D:9      | Reached skill level 9 in Unarmed Combat
  7217 | D:9      | Found a staircase to the Lair.
  7416 | D:10     | Entered Level 10 of the Dungeon
  7822 | D:10     | Noticed a two-headed ogre
  7829 | D:10     | Killed a two-headed ogre
  8400 | D:11     | Noticed a two-headed ogre
  8404 | D:11     | Killed a two-headed ogre
  8405 | D:11     | Reached XP level 11. HP: 111/111 MP: 10/10
  8462 | D:11     | Noticed a white ugly thing
  8468 | D:11     | HP: 1/111 [white ugly thing (26)]
  8473 | D:11     | Killed a white ugly thing
  8852 | D:11     | Noticed a red ugly thing
  8867 | D:11     | Killed a red ugly thing
  9112 | D:11     | Noticed a two-headed ogre
  9120 | D:11     | Killed a two-headed ogre
  9121 | D:11     | Reached skill level 10 in Unarmed Combat
  9389 | D:12     | Noticed a sixfirhy
  9389 | D:12     | Noticed a centaur warrior
  9499 | D:12     | Noticed a two-headed ogre
  9500 | D:12     | Noticed a boulder beetle
  9505 | D:12     | Killed a two-headed ogre
  9661 | D:12     | Noticed a death knight
  9662 | D:12     | Noticed a skeletal warrior
  9674 | D:12     | Demolished by a death knight

Illustrated notes

Levels and vault maps discovered:
D:1:      reono_arrival_forest_river, layout_rooms
D:2:      layout_basic, serial_shops, nicolae_shop_hallway_plus,
          ebering_ecumenical_altar_petrified, minmay_domino_4
D:3:      layout_basic, serial_shops, shop, uniq_sigmund, uniq_terence,
          uniq_grinder, uniq_crazy_yiuf_cottage
D:4:      layout_cave_pools, nicolae_wu_jian_wuxing_cycle,
          mainiacjoe_overflow_alcove_4, serial_demonic, serial_demonic_b,
          serial_demonic_d, serial_demonic_d, serial_demonic_b,
          minmay_shop_grid_forest, minmay_cut_off
D:5:      layout_loops_corners, gammafunk_temple_overflow_forgotten,
          nicolae_ossuary_entry_monument
D:6:      layout_layer_cave, overflow_temple_1_default,
          chequers_temple_overflow_statue_of_worship, ebering_ghost_gozag,
          minmay_fractal_squares_gapless_5, uniq_menkaure
D:7:      layout_cave_pools, lemuel_doored_altar, general_overflow_altar,
          minmay_temple_entry_stoned_glass, st_stairs_10, serial_bayou_lake_a,
          uniq_joseph
D:8:      layout_basic, serial_shops, shop
D:9:      layout_basic, tgw_kikubaaqudgha, mainiacjoe_overflow_brackets,
          dpeg_oklobed_lair, serial_shops, nicolae_shop_behind_doors
D:10:     layout_loops_ring, serial_rivers, chequers_serial_rivers_micro_d,
          chequers_serial_rivers_room_b, chequers_serial_rivers_room_a,
          chequers_serial_rivers_large_b, chequers_serial_rivers_micro_e,
          kennysheep_small_square
D:11:     layout_stronghold
D:12:     layout_big_octagon, orc_0_dummy

Skill      XL: |  1  2  3  4  5  6  7  8  9 10 11 |
---------------+----------------------------------+-----
Fighting       | 3 4 5 6 7 8 |  8.7
Dodging        | 3 4 5 6 7 8 |  8.7
Unarmed Combat | 4 5 6 7 8 9 10 | 10.3
Shields        | 2 4 6 7 |  7.2

Action                     |  1- 3 |  4- 6 |  7- 9 | 10-12 || total
---------------------------+-------+-------+-------+-------++-------
  Melee: Unarmed           |    79 |    58 |   355 |   305 ||   797
         Punch             |     2 |       |     5 |       ||     7
         Bite              |       |       |       |    27 ||    27
 Invoke: Berserk           |     1 |       |     4 |    10 ||    15
         Trog's Hand       |       |       |     2 |     4 ||     6
  Evoke: Phantom mirror    |       |       |       |     1 ||     1
    Use: Scroll            |       |     9 |    11 |    11 ||    31
         Potion            |       |     1 |       |     3 ||     4
   Stab: Sleeping          |     1 |       |       |       ||     1
 Armour: Animal skin       |    20 |    22 |   112 |    73 ||   227
         Acid dragon scale |       |       |       |    51 ||    51
  Dodge: Dodged            |    45 |    33 |   148 |   122 ||   348
  Block: Kite shield       |       |       |    72 |   189 ||   261

Table legend: (Time is in decaauts)
 A = Elapsed time spent in this place.
 B = Non-inter-level travel time spent in this place.
 C = Inter-level travel time spent in this place.
 D = Time resting spent in this place.
 E = Time spent auto-exploring this place.
 F = Levels seen in this place.
 G = Mean time per level.
                   A        B        C        D        E       F      G
               +--------+--------+--------+--------+--------+-----+--------+
         Total |   9750 |   8985 |    765 |    609 |   6659 |  13 |  750.0 |
       Dungeon |   9461 |   8696 |    765 |    609 |   6542 |  12 |  788.4 |
       Ossuary |    289 |    289 |      0 |      0 |    117 |   1 |  289.0 |
               +--------+--------+--------+--------+--------+-----+--------+

Top non-repeatable levels by time:
     D:6: 1313 daAuts
    D:11: 1254 daAuts
     D:7: 1080 daAuts
     D:5: 953 daAuts
    D:10: 948 daAuts
     D:8: 865 daAuts
     D:3: 735 daAuts
     D:9: 672 daAuts
     D:4: 625 daAuts
     D:2: 485 daAuts
     D:1: 433 daAuts
 Ossuary: 289 daAuts
    D:12: 94 daAuts
